 Dungeon Crawl Stone Soup version 0.24.0-125-gc4c63601f3 (webtiles) character file.

Game seed: 11592466836438952333, levelgen mode: deterministic

3007 Jerry the Cleaver (level 9, -1/84 HPs)
             Began as a Deep Dwarf Fighter on Mar 6, 2020.
             Was a Believer of Makhleb.
             Slain by an orc warrior
             ... wielding a +0 war axe
              (10 damage)
             ... on level 6 of the Dungeon on Mar 9, 2020.
             The game lasted 00:56:47 (6857 turns).

Jerry the Cleaver (Deep Dwarf Fighter)              Turns: 6857, Time: 00:56:47

Health: -1/84      AC: 14    Str: 22    XL:     9   Next: 54%
Magic:  11/11      EV:  9    Int:  9    God:    Makhleb [**....]
Gold:   595        SH:  5    Dex: 13    Spells: 8/8 levels left

rFire    . . .     SeeInvis .   E - +5 hand axe
rCold    . . .     Gourm    .   (no shield)
rNeg     . . .     Faith    .   y - +0 scale mail
rPois    .         Spirit   .   w - +0 helmet
rElec    .         Reflect  +   B - +1 cloak
rCorr    .         Harm     .   x - +0 pair of gloves
MR       ++...                  g - +0 pair of boots
Stlth    +.........             t - +5 amulet of reflection
HPRegen  0.00/turn              v - ring of stealth
MPRegen  0.12/turn              k - ring of protection from magic

@: non-regenerating
A: damage resistance, heal wounds, sense surroundings 2, no regeneration
a: Heal Wounds, Minor Destruction, Renounce Religion


You were on level 6 of the Dungeon.
You worshipped Makhleb.
Makhleb was pleased with you.
You were not hungry.

You visited 2 branches of the dungeon, and saw 8 of its levels.

You collected 595 gold pieces.

Inventory:

Hand Weapons
 a - a +0 war axe
 o - a +0 hunting sling
 E - a +5 hand axe (weapon)
Missiles
 e - 4 throwing nets (quivered)
 q - 22 sling bullets
Armour
 c - a +0 shield
 g - a +0 pair of boots (worn)
 w - a +0 helmet (worn)
 x - a +0 pair of gloves (worn)
 y - a +0 scale mail (worn)
 B - a +1 cloak (worn)
Jewellery
 k - a ring of protection from magic (right hand)
 p - an uncursed ring of protection from fire
 t - a +5 amulet of reflection (around neck)
 v - a ring of stealth (left hand)
 C - an uncursed ring of ice
Wands
 b - a wand of paralysis (6)
 l - a wand of enslavement (9)
 H - a wand of flame (39)
 I - a wand of polymorph (14)
Scrolls
 d - a scroll of enchant armour
 h - 6 scrolls of remove curse
 j - 2 scrolls of immolation
 m - a scroll of identify
 n - a scroll of teleportation
 D - a scroll of amnesia
Potions
 i - a potion of brilliance
 s - 3 potions of lignification
 u - 2 potions of invisibility
 z - 2 potions of haste
 A - a potion of cancellation
Comestibles
 f - 14 rations
 r - 3 chunks of flesh


   Skills:
 + Level 6.3 Fighting
 * Level 10.0 Axes
 + Level 7.7 Armour
 - Level 3.2 Shields
 + Level 5.4 Invocations


You had 8 spell levels left.
You didn't know any spells.
Your spell library contained the following spells:

 Spells                   Type           Power        Failure   Level  Hunger
 Corona                   Hex            #......      67%         1    ##.....
 Ensorcelled Hibernation  Hex/Ice        #.....       82%         2    ###....
 Confuse                  Hex            #.......     96%         3    ####...
 Dazzling Spray           Conj/Hex       #.....       96%         3    ####...
 Tukima's Dance           Hex            #.......     96%         3    ####...


Dungeon Overview and Level Annotations

Branches:
Dungeon (7/15)             Temple (1/1) D:4

Altars:
Dithmenos
Elyvilon
Gozag
Hepliaklqana
Kikubaaqudgha
Makhleb
Nemelex Xobeh
Okawaru
Qazlal
Ru
Trog
Uskayaw
Vehumet
Wu Jian
Xom
Yredelemnul
The Shining One

Annotations:
D:3 3 runed translucent doors, Jabberih's ghost, amateur OpTm
D:4 1 runed translucent door, Frank2's ghost, novice DsGl


Innate Abilities, Weirdness & Mutations

You are resistant to damage.
You can heal yourself by infusing magical energy.
You passively map the area around you.
You do not regenerate.


Message History

You hit the orc warrior.
The orc warrior is lightly wounded.
The orc warrior hits you with a +0 war axe!
You hit the orc warrior but do no damage.
The orc warrior is lightly wounded.
You slash the orc warrior!
The orc warrior is moderately wounded.
The orc warrior suddenly yells.
The orc warrior hits you with a +0 war axe!
* * * LOW HITPOINT WARNING * * *
You hit the orc warrior.
The orc warrior is heavily wounded.
The orc warrior hits you with a +0 war axe!
* * * LOW HITPOINT WARNING * * *
You barely miss the orc warrior.
The orc warrior is heavily wounded.
You hit the orc warrior but do no damage.
The orc warrior is heavily wounded.
The orc warrior hits you with a +0 war axe!
You die...

# # # # # # ############## #
#.)..........#
###################)#########.##
...............o@.#.# #.#
#########.#########.# ####.##
###### #....# #.# #.....# .....#
####.# #.# #.##### ####.# #.#
#.# ##.# <..#.# #.# #.#####..#
...#.# #.# ###.##.....#
...#.#######.####...##....(#
##.#.........#<...####.._..#


You could see an orc warrior.

Vanquished Creatures
  Eustachio (D:5)
  Menkaure (D:5)
  An ogre (D:3)
  An ice beast (D:6)
  2 centaurs
  A phantom (D:6)
  A wolf (D:5)
  2 bullfrogs
  4 gnoll sergeants
  3 scorpions
  5 wights
  2 howler monkeys
  3 crimson imps
  11 orc wizards
  5 orc priests
  A gnoll shaman (D:5)
  8 hounds
  A jelly (D:5)
  An iguana (D:6)
  Terence (D:2)
  2 worker ants
  Robin (D:2)
  5 adders
  22 gnolls
  An adder skeleton (D:5)
  2 worms
  2 dart slugs
  A leopard gecko (D:4)
  22 orcs
  2 ball pythons
  11 bats
  6 giant cockroaches
  14 goblins
  6 hobgoblins
  14 jackals
  6 kobolds
  3 quokkas
  5 frilled lizards
  A leopard gecko skeleton (D:4)
  A quokka skeleton (D:5)
  8 rats
190 creatures vanquished.

Vanquished Creatures (others)
  A phantom (D:4)
  A worker ant (D:4)
  An adder (D:4)
  An orc (D:4)
  A jackal (D:4)
  3 toadstools (D:1)
8 creatures vanquished.

Grand Total: 198 creatures vanquished

Notes
Turn   | Place    | Note
-------+----------+-------------------------------------------
     0 | D:1      | Jerry the Deep Dwarf Fighter began the quest for the Orb.
     0 | D:1      | Reached XP level 1. HP: 20/20 MP: 1/1
   109 | D:1      | Reached XP level 2. HP: 27/27 MP: 2/2
   129 | D:1      | Reached skill level 3 in Axes
   610 | D:1      | Reached XP level 3. HP: 25/34 MP: 3/3
  1008 | D:2      | Found a sacrificial altar of Ru.
  1311 | D:2      | Noticed Robin
  1402 | D:2      | Killed Robin
  1402 | D:2      | Reached XP level 4. HP: 40/42 MP: 4/4
  1664 | D:2      | Noticed Terence
  1670 | D:2      | Killed Terence
  1670 | D:2      | Reached skill level 4 in Axes
  1743 | D:2      | Found an ornate altar of the Wu Jian Council.
  1833 | D:2      | Found an opulent altar of Gozag.
  1890 | D:3      | Reached XP level 5. HP: 41/49 MP: 5/5
  2040 | D:3      | Found a runed translucent gate.
  2134 | D:3      | Noticed Jabberih's ghost (amateur OpTm)
  2135 | D:3      | Found a runed translucent gate.
  2186 | D:3      | Found a hide-covered altar of Uskayaw.
  2276 | D:3      | Found a runed translucent gate.
  2364 | D:3      | Found a stormy altar of Qazlal.
  2547 | D:3      | Noticed an ogre
  2556 | D:3      | Killed an ogre
  2556 | D:3      | Reached skill level 5 in Axes
  2556 | D:3      | Reached XP level 6. HP: 32/57 MP: 6/6
  2966 | D:4      | Found a radiant altar of Vehumet.
  3027 | D:4      | Found a runed translucent door.
  3029 | D:4      | Noticed Frank2's ghost (novice DsGl)
  3147 | D:4      | HP: 2/57 [scorpion (2)]
  3151 | D:4      | Reached skill level 5 in Armour
  3180 | D:4      | Found a shimmering altar of Xom.
  3394 | D:4      | Reached skill level 6 in Axes
  3394 | D:4      | Reached XP level 7. HP: 28/64 MP: 7/7
  3404 | D:4      | Found a staircase to the Ecumenical Temple.
  3415 | Temple   | Entered the Ecumenical Temple
  3669 | Temple   | Became a worshipper of Makhleb the Destroyer
  3820 | D:4      | Found a basalt altar of Yredelemnul.
  3837 | D:4      | HP: 2/66 [worm (2)]
  4238 | D:5      | Entered Level 5 of the Dungeon
  4434 | D:4      | Reached skill level 7 in Axes
  4516 | D:5      | Reached XP level 8. HP: 44/73 MP: 7/7
  4558 | D:5      | Reached skill level 5 in Fighting
  4558 | D:5      | Reached skill level 1 in Invocations
  4640 | D:5      | Noticed Menkaure
  4932 | D:5      | Noticed Eustachio
  4967 | D:5      | Killed Eustachio
  4967 | D:5      | Reached skill level 8 in Axes
  4990 | D:4      | Reached * piety under Makhleb
  5242 | D:5      | Got a distressingly furry ring mail
  5248 | D:5      | Identified the +4 ring mail "Xup Ceomm" {*Drain rElec rC-
                  | SInv} (You found it on level 5 of the Dungeon)
  5501 | D:5      | Killed Menkaure
  5719 | D:5      | Reached skill level 9 in Axes
  5804 | D:6      | Gained mutation: You passively map the area around you.
                  | [Deep Dwarf growth]
  5804 | D:6      | Reached XP level 9. HP: 29/82 MP: 10/10
  5983 | D:6      | Reached ** piety under Makhleb
  6044 | D:6      | Found a sacrificial altar of Ru.
  6355 | D:6      | Reached skill level 5 in Invocations
  6498 | D:7      | Found a white marble altar of Elyvilon.
  6688 | D:7      | Found a white marble altar of Elyvilon.
  6810 | D:7      | Reached skill level 10 in Axes
  6857 | D:6      | Slain by an orc warrior

Levels and vault maps discovered:
D:1:      lightli_arrival_noodles, layout_loops_corners,
          minmay_gold_behind_fungi
D:2:      layout_basic, marbit_many_paths, lemuel_crystal_altar,
          lemuel_round_altar, uniq_robin, uniq_terence
D:3:      layout_loops_corners, old_standard_altar, ebering_ghost_rock_garden,
          grunt_qazlal_sundering
D:4:      layout_basic, xom_confusion_cloud, fiery_altar_vehumet,
          yredelemnul_altar_generic, temple_fountains, ebering_ghost_sewer_d
D:5:      layout_cave_pools, first_ration, serial_gnoll_camp,
          gnoll_camp_mini_hut, gnoll_camp_mini_doghouse,
          gnoll_camp_mini_loothouse, gnoll_camp_medium_01,
          gnoll_camp_mini_sergeant, gnoll_camp_mini_hut, hex_large,
          uniq_eustachio, uniq_menkaure
D:6:      layout_basic, basic_altar
D:7:      layout_loops_ring, lemuel_crystal_altar, elyvilon_altar_5
Temple:   compressed_dpeg_triangle_lava_temple

Skill      XL: |  1  2  3  4  5  6  7  8  9 |
---------------+----------------------------+-----
Axes           | 3 4 5 6 7 9 10 | 10.0
Fighting       | 3 4 5 6 |  6.3
Armour         | 4 5 6 7 |  7.7
Invocations    | 4 5 |  5.4
Shields        | |  3.2

Action                   |  1- 3 |  4- 6 |  7- 9 || total
-------------------------+-------+-------+-------++-------
Melee: War axe           |    86 |   215 |    44 ||   345
       Hand axe          |       |       |   187 ||   187
       Flail             |       |       |   176 ||   176
 Fire: Hunting sling     |    22 |     5 |    12 ||    39
 Abil: Heal Wounds       |     1 |     2 |    11 ||    14
  Use: Potion            |       |     1 |     5 ||     6
       Scroll            |       |       |    17 ||    17
  Eat: Chunk             |     1 |     7 |    12 ||    20
Armor: Scale mail        |    56 |   131 |   252 ||   439
Dodge: Dodged            |    48 |   121 |   210 ||   379
Block: Other             |       |       |    20 ||    20
